 Dungeon Crawl Stone Soup version 0.25-a0-561-g0977b4d109 (webtiles) character file.

Game seed: 15609854196019519303, levelgen mode: deterministic

37 Flugslaktarn the Shield-Bearer (level 3, -1/34 HPs)
             Began as a Deep Dwarf Fighter on Feb 25, 2020.
             Slain by Pikel
             ... wielding a +0 whip of electrocution
              (3 damage)
             ... on level 4 of the Dungeon.
             The game lasted 00:00:27 (345 turns).

Flugslaktarn the Shield-Bearer (Deep Dwarf Fighter)  Turns: 345, Time: 00:00:27

Health: -1/34      AC:  6    Str: 22    XL:     3   Next: 21%
Magic:  2/2        EV:  7    Int:  8    God:
Gold:   21         SH:  9    Dex: 12    Spells: 2/2 levels left

rFire    . . .     SeeInvis .   a - +0 war axe
rCold    . . .     Gourm    .   c - +0 kite shield
rNeg     . . .     Faith    .   b - +0 scale mail
rPois    .         Spirit   .   (no helmet)
rElec    .         Reflect  .   (no cloak)
rCorr    .         Harm     .   (no gloves)
MR       .....                  (no boots)
Stlth    ..........             (no amulet)
HPRegen  0.00/turn              i - +2 ring of strength
MPRegen  0.08/turn              (no ring)

@: non-regenerating
A: damage resistance, heal wounds, sense surroundings 1, no regeneration
a: Heal Wounds


You were on level 4 of the Dungeon.
You were not hungry.

You visited 1 branch of the dungeon, and saw 4 of its levels.

You collected 21 gold pieces.

Inventory:

Hand Weapons
 a - a +0 war axe (weapon)
Armour
 b - a +0 scale mail (worn)
 c - a +0 kite shield (worn)
Jewellery
 i - a +2 ring of strength (left hand)
   (You found it on level 2 of the Dungeon)
Scrolls
 f - 4 scrolls of remove curse {unknown}
 k - a scroll of amnesia {unknown}
Potions
 d - a potion of might
 h - a potion of cancellation {unknown}
 j - a potion of mutation {unknown}
Comestibles
 e - 3 rations
 g - 3 chunks of flesh


   Skills:
 + Level 3.0 Fighting
 * Level 3.1 Axes
 + Level 3.6 Armour
 + Level 3.6 Shields


You had 2 spell levels left.
You didn't know any spells.
Your spell library was empty.

Dungeon Overview and Level Annotations

Branches:
Dungeon (4/15)
 Temple: D:4-7

Altars:

Annotations:
D:4 Pikel


Innate Abilities, Weirdness & Mutations

You are resistant to damage.
You can heal yourself by infusing magical energy.
You passively map a small area around you.
You do not regenerate.


Message History

Pikel hits you with a +0 whip of electrocution.
You are electrocuted!
Pikel barely misses you.
You hit Pikel but do no damage.
Pikel is moderately wounded.
Pikel hits you with a +0 whip of electrocution.
You are electrocuted!
* * * LOW HITPOINT WARNING * * *
You are too injured to fight recklessly!
You are too injured to fight recklessly!
You are too injured to fight recklessly!
You are too injured to fight recklessly!
You are too injured to fight recklessly!
You are too injured to fight recklessly!
You are too injured to fight recklessly!
You are too injured to fight recklessly!
You are too injured to fight recklessly!
You are too injured to fight recklessly!
You fail to use your ability.
Pikel hits you with a +0 whip of electrocution.
You die...

, , * , * ,, , ,,
* #........
#........ * #
#........ * ,
#..#.#####........
*
#.....<..#........
*
#..#.###@#s.......
.., #K#pp......, ,
*## #p#..#.###*
#pp........ *
#....#.#### , *
......#,.. , *
####...#* ## ,
,,,, ..... , **
#.....


You could see Pikel and 3 slaves.

Vanquished Creatures
  A worm (D:2)
  An orc (D:3)
  2 bats
  2 giant cockroaches (D:1)
  4 goblins
  4 hobgoblins
  4 jackals (D:2)
  A ball python (D:3)
  2 frilled lizards
  3 kobolds
  7 rats
31 creatures vanquished.

Notes
Turn   | Place    | Note
-------+----------+-------------------------------------------
     0 | D:1      | Flugslaktarn the Deep Dwarf Fighter began the quest for the
                  | Orb.
     0 | D:1      | Reached XP level 1. HP: 20/20 MP: 1/1
    73 | D:1      | Reached XP level 2. HP: 14/27 MP: 2/2
   189 | D:3      | Reached XP level 3. HP: 21/33 MP: 3/3
   327 | D:4      | Noticed Pikel
   327 | D:4      | Noticed a slave
   327 | D:4      | Noticed a slave
   327 | D:4      | Noticed a slave
   327 | D:4      | Noticed a slave
   327 | D:4      | Noticed a scorpion
   345 | D:4      | Slain by Pikel

Levels and vault maps discovered:
D:1:      dpeg_chamrin_arrival_tetris, layout_rooms, serial_corexii_hall,
          corexii_hall_statues_deadend, corexii_hall_statues_i
D:2:      layout_loops_ring, minmay_misc_feat_nine_boxes, minmay_pentomino_z2
D:3:      layout_rooms
D:4:      layout_basic, minmay_temple_entry_ruins, item_on_display_a, uniq_pikel

Skill      XL: |  1  2  3 |
---------------+----------+-----
Axes           | 3 |  3.1
Fighting       | 3 |  3.0
Armour         | |  3.6
Shields        | |  3.6

Action                   || total
-------------------------++-------
Melee: War axe           ||    77
 Abil: Heal Wounds       ||     4
Armor: Scale mail        ||    42
Dodge: Dodged            ||    22
Block: Kite shield       ||    49

Table legend:
 A = Non-vault XP
 B = Vault XP
 C = Vault XP percentage of total XP
 D = Non-vault monster count
 E = Vault monster count
 F = Vault count percentage of total count
                 A         B        C        D         E       F
            +---------+---------+-------+---------+---------+-------
      Total |      53 |       0 |   0.0 |      31 |       0 |   0.0
            +---------+---------+-------+---------+---------+-------
        D:1 |      14 |       0 |   0.0 |       9 |       0 |   0.0
        D:2 |      26 |       0 |   0.0 |      13 |       0 |   0.0
        D:3 |      13 |       0 |   0.0 |       9 |       0 |   0.0
            +---------+---------+-------+---------+---------+-------
